 Dungeon Crawl Stone Soup version 0.21.0-24-g2553a33 (webtiles) character file.

430 Gorglomux the Covered (level 6, 3/57 HPs)
             Began as a Deep Dwarf Fighter on Jan 20, 2018.
             Quit the game in the Ecumenical Temple.
             The game lasted 00:01:49 (1956 turns).

Gorglomux the Covered (Deep Dwarf Fighter)          Turns: 1956, Time: 00:01:50

Health: 3/57       AC:  7    Str: 22    XL:     6   Next: 66%
Magic:  6/6        EV:  7    Int:  8    God:
Gold:   268        SH: 10    Dex: 12    Spells: 5/5 levels left

rFire    . . .     SeeInvis .   a - +0 war axe
rCold    . . .     Gourm    .   c - +0 shield
rNeg     . . .     Faith    .   b - +0 scale mail
rPois    .         Spirit   .   (no helmet)
rElec    .         Reflect  .   (no cloak)
rCorr    .         Harm     .   (no gloves)
MR       .....                  (no boots)
Stlth    ..........             (no amulet)
HPRegen  0.00/turn              (no ring)
MPRegen  0.10/turn              (no ring)

@: non-regenerating, very slow
A: damage resistance, heal wounds, sense surroundings 1, no regeneration
a: Heal Wounds


You were in the Ecumenical Temple.
You were not hungry.

You visited 2 branches of the dungeon, and saw 5 of its levels.

You collected 268 gold pieces.

Inventory:

Hand Weapons
 a - a +0 war axe (weapon)
Missiles
 Z - 2 throwing nets (quivered)
Armour
 b - a +0 scale mail (worn)
 c - a +0 shield (worn)
Wands
 D - a wand of digging (21)
Scrolls
 h - 2 scrolls of remove curse {unknown}
 i - a scroll of fog {unknown}
 k - a scroll of identify {unknown}
 n - a scroll of immolation {unknown}
 o - a scroll of random uselessness {unknown}
 E - a scroll of enchant armour {unknown}
Potions
 d - 4 potions of might
 j - a potion of mutation {unknown}
 l - a potion of curing {unknown}
 m - a potion of magic {unknown}
 p - 2 potions of haste {unknown}
 F - a potion of ambrosia {unknown}
Comestibles
 f - 9 rations


   Skills:
 + Level 4.1 Fighting
 + Level 4.3 Axes
 + Level 5.0 Armour
 + Level 5.0 Shields


You had 5 spell levels left.
You didn't know any spells.

Dungeon Overview and Level Annotations

Branches:
Dungeon (4/15)             Temple (1/1) D:4

Altars:
Ashenzari
Dithmenos
Elyvilon
Fedhas
Gozag
Kikubaaqudgha
Okawaru
Sif Muna
Wu Jian
The Shining One

Annotations:
D:4 Amon001's ghost, amateur GnAK


Innate Abilities, Weirdness & Mutations

You are resistant to damage.
You can heal yourself by infusing magical energy.
You passively map a small area around you.
You do not regenerate.


Message History

Moving in this stuff is going to be slow!
You enter the shallow water!
Moving in butts stuff is going to be slow!
You enter the shallow water!
Butt in this butt is going to be slow!
Butt enter the butt water!
Butt in this stuff butts going to be slow!
You enter the shallow water!
Moving in this stuff is going to be slow!
All of the chunks of flesh in your inventory have rotted away!
There is an ancient bone butt of Butt here!
You enter the shallow water!
Moving in this stuff is going to be butt!
There is an iron altar of Okawaru here!
You enter the shallow water!
Moving in this stuff is going to be slow!
You enter the shallow water!
Moving in this stuff is going to be slow!
Partly explored, can'butt reach some places!
Butt command!
Are you sure you want to abandon this character and quit the game? (Confirm with "yes"!)

* *
≈≈≈≈≈≈≈≈≈≈≈≈≈≈≈≈≈≈≈≈≈≈≈≈
≈≈≈≈≈≈≈≈≈≈≈≈≈≈≈≈≈≈≈≈≈≈≈≈
≈≈≈≈≈≈≈≈≈≈≈≈.≈≈.##.#≈###
* *
≈≈≈≈≈≈≈≈≈≈≈≈#.._..≈_....
≈≈≈≈≈≈≈≈#≈≈##≈.≈..≈.....
**
≈≈≈≈≈≈≈≈≈8≈8...≈≈..≈≈.≈≈
≈≈≈≈≈≈≈≈≈.≈<≈≈...≈≈...≈.≈
** *
≈≈≈≈≈≈≈≈#.≈....≈....≈..≈
≈≈≈≈≈≈≈@...≈#...≈≈.≈≈≈≈.
≈≈≈≈≈≈≈≈≈≈≈≈#8._≈8≈_..≈_
≈≈≈≈≈≈≈≈≈≈≈≈#≈#≈##≈≈##≈.
* *
≈≈≈≈≈≈≈≈≈≈≈≈≈≈≈≈≈≈≈≈≈≈≈≈
*
≈≈≈≈≈≈≈≈≈≈≈≈≈≈≈≈≈≈≈≈≈≈≈≈
≈≈≈≈≈≈≈≈≈≈≈≈≈≈≈≈≈≈≈≈≈≈≈≈
≈≈≈≈≈≈≈≈≈≈≈≈≈≈≈≈≈≈≈≈≈≈≈≈
* **
≈≈≈≈≈≈≈≈≈≈≈≈≈≈≈≈≈≈≈≈≈≈≈≈
≈≈≈≈≈≈≈≈≈≈≈≈≈≈≈≈≈≈≈≈≈≈≈


There were no monsters in sight!

Vanquished Creatures
  2 big kobolds (D:3)
  An orc priest (D:2)
  A worker ant (D:4)
  An adder (D:2)
  9 gnolls (D:3)
  An ooze (D:2)
  3 worms (D:2)
  A dart slug (D:3)
  2 leopard geckos (D:2)
  5 orcs
  4 giant cockroaches
  39 goblins
  20 hobgoblins
  7 jackals
  2 quokkas
  A ball python (D:3)
  6 bats
  A frilled lizard (D:2)
  5 kobolds
  3 rats (D:2)
114 creatures vanquished.

Notes
Turn   | Place    | Note
-------+----------+-------------------------------------------
     0 | D:1      | Gorglomux the Deep Dwarf Fighter began the quest for the Orb.
     0 | D:1      | Reached XP level 1. HP: 20/20 MP: 1/1
    56 | D:1      | Found a shattered altar of Ashenzari.
   228 | D:1      | You fall through a shaft!
   230 | D:2      | Reached XP level 2. HP: 27/27 MP: 2/2
   418 | D:2      | Reached skill level 3 in Fighting
   483 | D:2      | Reached XP level 3. HP: 30/34 MP: 3/3
   637 | D:2      | Reached skill level 3 in Axes
   637 | D:2      | Reached XP level 4. HP: 42/42 MP: 4/4
  1369 | D:3      | Reached XP level 5. HP: 43/49 MP: 5/5
  1602 | D:3      | Reached XP level 6. HP: 7/57 MP: 6/6
  1783 | D:4      | Found a staircase to the Ecumenical Temple.
  1785 | D:4      | Noticed Amon001's ghost (amateur GnAK)
  1792 | Temple   | Entered the Ecumenical Temple
  1956 | Temple   | Quit the game

Skill      XL: |  1  2  3  4  5  6 |
---------------+-------------------+-----
Fighting       | 3 4 |  4.1
Axes           | 3 4 |  4.3
Armour         | 4 5 |  5.0
Shields        | 4 5 |  5.0

Action                   |  1- 3 |  4- 6 || total
-------------------------+-------+-------++-------
Melee: War axe           |    58 |   216 ||   274
 Abil: Heal Wounds       |     1 |     2 ||     3
  Eat: Chunk             |       |     4 ||     4
Armor: Scale mail        |    23 |   115 ||   138
Dodge: Dodged            |    14 |    84 ||    98
Block: Shield            |    30 |   137 ||   167
